 Dungeon Crawl Stone Soup version 0.29.1 (webtiles) character file.

Game seed: 3481090784175743907

14256 Icepheonix32 the Carver (level 11, -10/104 HPs)
             Began as a Minotaur Fighter on Sept 13, 2022.
             Was a High Priest of Okawaru.
             Mangled by a six-headed hydra (13 damage)
             ... on level 11 of the Dungeon.
             The game lasted 00:17:00 (11016 turns).

Icepheonix32 the Carver (Minotaur Fighter)         Turns: 11016, Time: 00:17:01

Health: -10/104    AC:  6    Str: 27    XL:     11   Next: 86%
Magic:  0/13       EV: 18    Int:  6    God:    Okawaru [*****.]
Gold:   742        SH: 10    Dex: 17    Spells: 12/14 levels left

rFire   . . .      SeeInvis .   P - +5 falchion (protect)
rCold   + . .      Faith    .   d - +2 buckler
rNeg    . . .      Spirit   +   t - +5 leather armour of Inference {Harm *Slow Int-3 Dex+8}
rPois   .          Reflect  .   (helmet restricted)
rElec   +          Harm     +   R - +0 cloak
rCorr   .          Rampage  .   (no gloves)
Will    +....      Rnd*Tele +   (no boots)
Stlth   ++++......              w - amulet of Ysylaox {Spirit rElec Str+3}
HPRegen 0.27/turn               m - ring of willpower
MPRegen 0.13/turn               r - ring of protection from cold

@: about to teleport, heroic, corroded
A: horns 2, retaliatory headbutt, talons 1, clever 1, teleportitis 1
a: Renounce Religion, Heroism, Finesse, Duel


You were on level 11 of the Dungeon.
You worshipped Okawaru.
Okawaru was extremely pleased with you.
You visited 2 branches of the dungeon, and saw 12 of its levels.

You collected 900 gold pieces.
You spent 158 gold pieces at shops.

Inventory:

Hand Weapons
 v - a +2 great sword of holy wrath
 x - a +3 spectral quarterstaff
 I - a +1 falchion of electrocution
 P - a +5 falchion of protection (weapon)
Missiles
 n - 3 boomerangs of dispersal
 G - 27 poisoned darts
 L - a curare-tipped dart
Armour
 b - a +0 scale mail
 c - the +1 robe of the Other Side {Drain rElec Dex+3 SInv}
   (Okawaru gifted it to you on level 9 of the Dungeon)

   Dex:       It affects your dexterity (+3).
   rElec:     It insulates you from electricity.
   SInv:      It lets you see invisible.
   Drain:     It drains your maximum health when unequipped.
 d - a +2 buckler (worn)
 t - the +5 leather armour of Inference (worn) {Harm *Slow Int-3 Dex+8}
   (You found it on level 3 of the Dungeon)

   Int:       It affects your intelligence (-3).
   Dex:       It affects your dexterity (+8).
   *Slow:     It may slow you when you take damage.
   Harm:      It increases damage dealt and taken.
 B - a +0 plate armour
 C - a +1 leather armour of poison resistance
 E - +2 steam dragon scales
 H - a +0 pair of boots
 R - a +0 cloak (worn)
Jewellery
 m - a ring of willpower (left hand)
 q - an amulet of the acrobat
 r - a ring of protection from cold (right hand)
 w - the amulet of Ysylaox (around neck) {Spirit rElec Str+3}
   (You found it on level 4 of the Dungeon)

   [amulet of guardian spirit]

   It causes incoming damage to be divided between your reserves of health and
   magic.
   Str:       It affects your strength (+3).
   rElec:     It insulates you from electricity.
 F - a ring of protection from fire
Wands
 s - a wand of polymorph (13)
 A - a wand of roots (12)
 K - a wand of flame (10)
 M - a wand of light (13)
Scrolls
 e - 5 scrolls of teleportation
 i - a scroll of identify
 j - 2 scrolls of magic mapping
 k - 2 scrolls of enchant armour
 p - 2 scrolls of fear
 u - a scroll of silence
 y - 4 scrolls of poison
 D - 3 scrolls of amnesia
 J - a scroll of enchant weapon
Potions
 a - a potion of might
 f - 8 potions of curing
 g - 3 potions of heal wounds
 h - 5 potions of mutation
 l - a potion of invisibility
 o - 2 potions of attraction
 O - 3 potions of brilliance


   Skills:
 * Level 11.7(16.7) Fighting
 + Level 12.2(17.2) Long Blades
 + Level 5.5(10.5) Armour
 + Level 6.9(11.9) Dodging
 + Level 3.2(8.2) Stealth
 + Level 8.3(13.3) Shields
 + Level 2.3 Spellcasting
 * Level 6.2 Transmutations
 * Level 3.2 Invocations
 + Level 0.1 Evocations


You had 12 spell levels left.
You knew the following spells:

 Your Spells              Type           Power      Damage    Failure   Level
a - Wereblood             Tmut           8%         N/A       6%          2

Your spell library contained the following spells:

 Spells                   Type           Power      Damage    Failure   Level
 Beastly Appendage        Tmut           16%        N/A       4%          1
 Spider Form              Tmut/Pois      4%         N/A       38%         3
 Ignite Poison            Fire/Tmut/Pois 3%         N/A       54%         3
 Mephitic Cloud           Conj/Pois/Air  0%         N/A       83%         3
 Fulminant Prism          Conj/Hex       0%         3d6       99%         4
 Iskenderun's Mystic Bla  Conj/Tloc      0%         2d3       99%         4
 Passage of Golubria      Tloc           0%         N/A       99%         4
 Fireball                 Conj/Fire      0%         3d3       100%        5
 Freezing Cloud           Conj/Ice/Air   0%         6-21      100%        5
 Iskenderun's Battlesphe  Conj           0%         2d6       100%        5
 Lee's Rapid Deconstruct  Erth           0%         3d5*      100%        5
 Silence                  Hex/Air        0%         N/A       100%        5
 Conjure Ball Lightning   Conj/Air       0%         3x3d6     100%        6
 Orb of Destruction       Conj           0%         9d5       100%        7
 Lehudib's Crystal Spear  Conj/Erth      0%         10d2      100%        8
 Polar Vortex             Ice            0%         N/A       100%        9
 Simulacrum               Ice/Necr       Unusable   N/A       N/A         6

Dungeon Overview and Level Annotations

Branches:
Dungeon (11/15)            Temple (1/1) D:4            Lair (0/5) D:10
    Orc: D:9-12

Altars:
Ashenzari
Cheibriados
Dithmenos
Elyvilon
Fedhas
Gozag
Hepliaklqana
Kikubaaqudgha
Makhleb
Nemelex Xobeh
Okawaru
Qazlal
Ru
Sif Muna
Trog
Uskayaw
Vehumet
Wu Jian
Xom
Yredelemnul
Zin
The Shining One

Shops:
D:4 (   D:7 ?


Innate Abilities, Weirdness & Mutations

You have a pair of horns on your head.
You reflexively headbutt those who attack you in melee.
You have sharp toenails.
Your mind is acute. (Int +4, Str/Dex -1)
You are occasionally teleported next to monsters.


Message History

The six-headed hydra bites you!
You block the six-headed hydra's attack.
The six-headed hydra barely misses you. The six-headed hydra bites you.
The six-headed hydra bites you but does no damage.
Unknown command.
As you read the scroll of fear, it crumbles to dust.
You assume a fearsome visage.
The six-headed hydra easily resists.
The acid dragon looks frightened!
The six-headed hydra completely misses you.
You furiously retaliate!
You headbutt the six-headed hydra!
You block the six-headed hydra's attack.
The six-headed hydra misses you.
The six-headed hydra bites you but does no damage.
The six-headed hydra bites you.
You block the six-headed hydra's attack.
Unknown command.
Okay, then.
As you read the scroll of teleportation, it crumbles to dust.
You feel strangely unstable. The six-headed hydra bites you!
The six-headed hydra bites you. The six-headed hydra barely misses you.
The six-headed hydra closely misses you.
You block the six-headed hydra's attack. x2
Unknown command.
The six-headed hydra attacks as you move away!
The six-headed hydra bites you.
* * * LOW HITPOINT WARNING * * *
The six-headed hydra bites you!
* * * LOW HITPOINT WARNING * * *
You block the six-headed hydra's attack.
The six-headed hydra misses you.
You block the six-headed hydra's attack.
The six-headed hydra closely misses you.
Unknown command.
The six-headed hydra attacks as you move away!
The six-headed hydra bites you.
* * * LOW HITPOINT WARNING * * *
The six-headed hydra bites you!
* * * LOW HITPOINT WARNING * * *
The six-headed hydra bites you!
You die...

#......... ....
#......... #.
#....... #. #.....
#. #...# #. #(# ##
########.# ..#.###)
#.......D# .......)
#.......@# .#...##.
###........#
........
#......[...###...
.>. ....
#.#.#.#.#.........
.. ....
#..........###....
# .....
#.#.#.#.#..# #...#
#.....
#..........##......
#.#.#.
..#.#.#.#..#.......
# .
..?................
.


You could see a six-headed hydra.

Vanquished Creatures
  7 two-headed ogres
  An orc knight (D:10)
  2 ugly things (D:11)
  A cyclops (D:11)
  Maurice (D:8)
  Maggie (D:6)
  2 kobold demonologists (D:11)
  3 trolls
  2 hornets (D:8)
  A shadow (D:9)
  2 wyverns
  A wraith (D:10)
  14 yaks
  A steam dragon (D:7)
  Edmund (D:5)
  2 acid dragons
  A water moccasin (D:6)
  A black bear (D:4)
  5 orc warriors
  A sky beast (D:6)
  3 centaurs
  A phantom (D:5)
  4 kobold brigands
  3 necrophages
  2 bullfrogs
  2 scorpions (D:6)
  9 wights
  5 killer bees (D:9)
  3 electric eels (D:10)
  3 orc priests
  A hound (D:5)
  2 jellies
  2 gnoll boudas (D:7)
  2 iguanas
  Ijyb (D:5)
  6 orc wizards
  8 gnolls (D:7)
  9 adders
  2 white imps (D:6)
  2 ufetubi
  A worm (D:2)
  A dart slug (D:5)
  37 orcs
  5 endoplasms
  3 giant cockroaches
  7 goblins
  9 hobgoblins
  4 jackals (D:4)
  19 kobolds
  A quokka (D:1)
  5 ball pythons
  3 bats
  4 frilled lizards
  5 rats
224 creatures vanquished.

Vanquished Creatures (others)
  A gnoll (D:7)
1 creature vanquished.

Grand Total: 225 creatures vanquished

Notes
Turn   | Place    | Note
-------+----------+-------------------------------------------
     0 | D:1      | Icepheonix32 the Minotaur Fighter began the quest for the
                  | Orb.
     0 | D:1      | Reached XP level 1. HP: 19/19 MP: 0/0
   350 | D:1      | Reached XP level 2. HP: 27/27 MP: 1/1
   922 | D:2      | Reached XP level 3. HP: 25/33 MP: 2/2
   999 | D:2      | Found a faded altar of an unknown god.
  1136 | D:2      | Reached skill level 3 in Long Blades
  2118 | D:3      | Reached XP level 4. HP: 33/41 MP: 3/3
  2194 | D:3      | Identified the +5 leather armour of Inference {Harm *Slow
                  | Int-3 Dex+8}
  2732 | D:4      | Reached skill level 4 in Long Blades
  3028 | D:4      | Identified the amulet of Ysylaox {Spirit rElec Str+3}
  3045 | D:4      | Found Pextiph's Weapon Emporium.
  3053 | D:4      | Bought a +1 falchion of protection for 106 gold pieces
  3135 | D:4      | You fall into a shaft and drop 1 floor!
  3135 | D:5      | Entered Level 5 of the Dungeon
  3266 | D:5      | Reached skill level 1 in Dodging
  3266 | D:5      | Reached XP level 5. HP: 47/47 MP: 4/4
  3312 | D:5      | Reached skill level 5 in Fighting
  3663 | D:5      | Noticed Ijyb
  3677 | D:5      | Killed Ijyb
  3678 | D:5      | Reached XP level 6. HP: 38/56 MP: 5/5
  3881 | D:5      | Reached skill level 5 in Long Blades
  3994 | D:4      | Found a staircase to the Ecumenical Temple.
  4008 | D:4      | Learned a level 2 spell: Wereblood
  4009 | Temple   | Entered the Ecumenical Temple
  4456 | Temple   | Became a worshipper of Warmaster Okawaru
  4832 | D:5      | Found a hazy altar of Hepliaklqana.
  4854 | D:5      | Noticed Edmund
  4868 | D:5      | Killed Edmund
  4869 | D:5      | Reached skill level 6 in Long Blades
  4869 | D:5      | Reached skill level 1 in Transmutations
  4869 | D:5      | Reached XP level 7. HP: 45/62 MP: 6/6
  5161 | D:6      | Reached skill level 1 in Stealth
  5191 | D:6      | Noticed Maggie
  5205 | D:6      | Reached * piety under Okawaru
  5222 | D:6      | Reached skill level 5 in Shields
  5240 | D:6      | Killed Maggie
  5241 | D:6      | Reached skill level 7 in Long Blades
  5241 | D:6      | Reached XP level 8. HP: 71/71 MP: 3/7
  5313 | D:6      | Reached ** piety under Okawaru
  5492 | D:6      | Gained mutation: You have sharp toenails. [potion of
                  | mutation]
  5492 | D:6      | Gained mutation: You are occasionally teleported next to
                  | monsters. [potion of mutation]
  5492 | D:6      | Gained mutation: Your mind is acute. (Int +4, Str/Dex -1)
                  | [potion of mutation]
  5630 | D:6      | Reached skill level 8 in Long Blades
  6434 | D:7      | Found Ucili's Magic Scroll Shoppe.
  6442 | D:7      | Bought a scroll of identify for 26 gold pieces
  6442 | D:7      | Bought a scroll of identify for 26 gold pieces
  6486 | D:7      | Reached *** piety under Okawaru
  6487 | D:7      | Reached XP level 9. HP: 57/79 MP: 6/8
  6919 | D:8      | Reached skill level 9 in Long Blades
  7108 | D:8      | Reached **** piety under Okawaru
  7109 | D:8      | Reached skill level 1 in Spellcasting
  7150 | D:8      | Noticed a two-headed ogre
  7160 | D:8      | Killed a two-headed ogre
  7235 | D:8      | Reached skill level 5 in Dodging
  7362 | D:8      | Noticed Maurice
  7382 | D:8      | Killed Maurice
  7383 | D:8      | Reached XP level 10. HP: 68/90 MP: 8/11
  7722 | D:9      | Noticed a two-headed ogre
  7724 | D:9      | Reached skill level 10 in Long Blades
  7728 | D:9      | Noticed a two-headed ogre
  7738 | D:9      | Killed a two-headed ogre
  7738 | D:9      | Reached ***** piety under Okawaru
  7749 | D:9      | Killed a two-headed ogre
  7750 | D:9      | Reached skill level 5 in Armour
  7771 | D:8      | Reached skill level 5 in Transmutations
  8232 | D:9      | Noticed a two-headed ogre
  8238 | D:9      | Killed a two-headed ogre
  8238 | D:9      | Identified the +1 robe of the Other Side {Drain rElec Dex+3
                  | SInv} (Okawaru gifted it to you on level 9 of the Dungeon)
  8238 | D:9      | Received a gift from Okawaru
  8276 | D:9      | Reached skill level 1 in Invocations
  8956 | D:10     | Entered Level 10 of the Dungeon
  8968 | D:10     | Reached skill level 11 in Long Blades
  8973 | D:10     | Reached skill level 10 in Fighting
  8983 | D:10     | Noticed a two-headed ogre
  8991 | D:10     | Killed a two-headed ogre
  8992 | D:10     | Reached XP level 11. HP: 66/99 MP: 8/13
  9124 | D:10     | Noticed a two-headed ogre
  9143 | D:10     | Killed a two-headed ogre
  9667 | D:10     | Received a gift from Okawaru
  9874 | D:10     | Noticed an orc knight
  9888 | D:10     | Killed an orc knight
 10262 | D:10     | Found a staircase to the Lair.
 10342 | D:11     | Noticed a two-headed ogre
 10347 | D:11     | Noticed a brown ugly thing
 10354 | D:11     | Killed a two-headed ogre
 10364 | D:11     | Killed a brown ugly thing
 10692 | D:11     | Reached skill level 12 in Long Blades
 10999 | D:11     | Noticed a white ugly thing
 11000 | D:11     | Noticed a six-headed hydra
 11009 | D:11     | Killed a white ugly thing
 11016 | D:11     | HP: 3/104 [six-headed hydra (12)]
 11016 | D:11     | Mangled by a six-headed hydra

Illustrated notes

Levels and vault maps discovered:
D:1:      tarquinn_simple_flora_water_b, layout_basic
D:2:      layout_basic, hellmonk_ecumenical_altar_run_dry, minmay_tetromino_o2
D:3:      layout_rooms
D:4:      layout_loops_ring, minmay_temple_entry_hall, serial_shops,
          nicolae_shop_bloodbath_and_beyond
D:5:      layout_basic, mainiacjoe_overflow_alcove_1, uniq_ijyb, uniq_edmund
D:6:      layout_basic, uniq_maggie
D:7:      layout_basic, serial_shops, shop, kennysheep_cross_bottleneck
D:8:      layout_basic, uniq_maurice
D:9:      layout_cave_pools
D:10:     cheibrodos_orc_bank, layout_basic, lair_entry_dummy
D:11:     layout_rooms, serial_shops, nicolae_shop_advertising_works
          [nicolae_subvault_shop_adworks], corexii_checkpoint_b, glass_columns_c
Temple:   roderic_octagonal_lattice_temple

Skill      XL: |  1  2  3  4  5  6  7  8  9 10 11 |
---------------+----------------------------------+-----
Fighting       | 4 5 6 7 8 10 11 | 11.7
Armour         | 4 5 |  5.5
Long Blades    | 3 4 6 7 8 9 11 12 | 12.2
Shields        | 4 5 6 7 8 |  8.3
Dodging        | 1 2 3 5 6 |  6.9
Transmutations | 1 2 3 4 5 6 |  6.2
Stealth        | 1 2 3 |  3.2
Spellcasting   | 1 2 |  2.3
Invocations    | 1 3 |  3.2
Evocations     | |  0.1

Action                   |  1- 3 |  4- 6 |  7- 9 | 10-12 || total
-------------------------+-------+-------+-------+-------++-------
Melee: Long sword        |    99 |    47 |       |       ||   146
       Headbutt          |    14 |    22 |    55 |    47 ||   138
       Falchion          |       |    83 |   213 |   245 ||   541
       Kick              |       |       |    51 |    82 ||   133
Throw: Boomerang         |       |       |     1 |       ||     1
       Throwing net      |       |       |       |     1 ||     1
 Cast: Wereblood         |       |       |     5 |     5 ||    10
Invok: Heroism           |       |       |     2 |     5 ||     7
Evoke: Wand              |       |       |       |     4 ||     4
  Use: Scroll            |       |       |    11 |    10 ||    21
       Potion            |       |       |     4 |     2 ||     6
 Stab: Sleeping          |       |     2 |       |     1 ||     3
       Distracted        |       |       |       |     1 ||     1
Armor: Scale mail        |    55 |     1 |       |       ||    56
       Leather armour    |       |    38 |    71 |    38 ||   147
Dodge: Dodged            |    63 |    65 |    90 |    98 ||   316
Block: Buckler           |    29 |    32 |    56 |    81 ||   198
